 Dungeon Crawl Stone Soup version 0.24-a0-524-gf43b32f898 (webtiles) character file.

Game seed: 17014863527091033582

19 Essalna the Caller (level 2, -1/19 HPs)
             Began as a Mummy Summoner on July 31, 2019.
             Slain by a kobold
             ... wielding a +0 dagger
              (3 damage)
             ... on level 1 of the Dungeon.
             The game lasted 00:04:01 (1259 turns).

Essalna the Caller (Mummy Summoner)                 Turns: 1259, Time: 00:04:02

Health: -1/19      AC:  0    Str: 11    XL:     2   Next: 55%
Magic:  2/5        EV: 12    Int: 14    God:
Gold:   66         SH:  0    Dex: 14    Spells: 5/6 levels left

rFire    x . .     SeeInvis .   c - +0 dagger
rCold    + . .     Gourm    .   (no shield)
rNeg     + + +     Faith    .   a - +0 robe
rPois    ∞         Spirit   .   (no helmet)
rElec    .         Reflect  .   (no cloak)
rCorr    .         Harm     .   (no gloves)
MR       .....                  (no boots)
Stlth    ++........             (no amulet)
HPRegen  0.06/turn              k - +2 ring of dexterity
MPRegen  0.09/turn              l - -2 ring of protection (curse)

@: no status effects
A: no food or potions, fire vulnerability, cold resistance 1, negative energy
resistance 3, torment resistance, unbreathing
a: no special abilities


You were on level 1 of the Dungeon.
You were not hungry.

You visited 1 branch of the dungeon, and saw 1 of its levels.

You collected 66 gold pieces.

Inventory:

Hand Weapons
 c - a +0 dagger (weapon)
 f - a +0 hunting sling
Armour
 a - a +0 robe (worn)
Jewellery
 k - a +2 ring of dexterity (left hand)
 l - a cursed -2 ring of protection (right hand)
Scrolls
 b - a scroll of random uselessness {unknown}
 d - 5 scrolls of remove curse {unknown}
 e - a scroll of enchant weapon {unknown}
 g - 2 scrolls of enchant armour {unknown}
 h - a scroll of teleportation {unknown}
 i - a scroll of magic mapping {unknown}
 j - a scroll of identify {unknown}


   Skills:
 - Level 1.5 Dodging
 - Level 1.5 Stealth
 - Level 2.6 Spellcasting
 + Level 3.9 Summonings


You had 5 spell levels left.
You knew the following spells:

 Your Spells              Type           Power        Failure   Level  Hunger
a - Summon Small Mammal   Summ           ##..         4%          1    N/A

Your spell library contained the following spells:

 Spells                   Type           Power        Failure   Level  Hunger
 Call Imp                 Summ           ##......     7%          2    N/A
 Call Canine Familiar     Summ           ##......     13%         3    N/A
 Summon Guardian Golem    Hex/Summ       #.......     30%         3    N/A
 Summon Ice Beast         Ice/Summ       #.......     69%         4    N/A
 Summon Lightning Spire   Summ/Air       #.......     69%         4    N/A

Dungeon Overview and Level Annotations

Branches:
Dungeon (1/15)

Altars:


Innate Abilities, Weirdness & Mutations

You do not eat or drink.
Your flesh is vulnerable to fire.
You are immune to poison.
Your flesh is cold resistant. (rC+)
You are immune to negative energy. (rN+++)
You are immune to unholy pain and torment.
You can survive without breathing.


Message History

You swap places.
The kobold hits your rat with a +0 dagger.
Your rat dies!
Your rat's corpse disappears in a puff of smoke!
Your bat closely misses the kobold.
Your bat hits the kobold but does no damage.
The kobold hits your bat with a +0 dagger.
Your bat dies!
Your bat's corpse disappears in a puff of smoke!
Your bat barely misses the kobold.
Your bat hits the kobold but does no damage. x2
The kobold barely misses your bat.
You closely miss the kobold.
The kobold is heavily wounded.
Your bat hits the kobold but does no damage.
Your bat barely misses the kobold.
The giant cockroach waves its antennae.
The giant cockroach bites your bat but does no damage.
Your bat hits the kobold. The kobold hits you with a +0 dagger.
You die...

#.####...###.# #...
#............# ####
######...##### #..
#.......# ######..
#.#####)#.........
######.# #.#.#
###.. #..s.sb#
#...# #.. #.####K#
#.### ### #@#####.#
# #.......# #
####...## # ###.# #
#.# # #.#
#######.######
#..........).#
#.#####.####.######


You could see a giant cockroach, a kobold and a friendly bat.

Vanquished Creatures
  A dart slug (D:1)
  A leopard gecko (D:1)
  A bat (D:1)
  A frilled lizard (D:1)
  A kobold (D:1)
  2 rats (D:1)
7 creatures vanquished.

Vanquished Creatures (collateral kills)
  A dart slug (D:1)
  A leopard gecko (D:1)
  A ball python (D:1)
  A bat (D:1)
  2 hobgoblins (D:1)
  4 kobolds (D:1)
  A frilled lizard (D:1)
  4 rats (D:1)
15 creatures vanquished.

Grand Total: 22 creatures vanquished

Notes
Turn   | Place    | Note
-------+----------+-------------------------------------------
     0 | D:1      | Essalna the Mummy Summoner began the quest for the Orb.
     0 | D:1      | Reached XP level 1. HP: 13/13 MP: 4/4
   284 | D:1      | Reached XP level 2. HP: 7/19 MP: 0/5
  1259 | D:1      | Slain by a kobold

Levels and vault maps discovered:
D:1:      scummos_arrival_star, layout_loops_ring

Action                   || total
-------------------------++-------
Melee: Dagger            ||    45
       Unarmed           ||     3
 Cast: Summon Small Mamm ||    44
 Stab: Distracted        ||     1
Armor: Robe              ||    12
Dodge: Dodged            ||    69

Table legend:
 A = Non-vault XP
 B = Vault XP
 C = Vault XP percentage of total XP
 D = Non-vault monster count
 E = Vault monster count
 F = Vault count percentage of total count
                 A         B        C        D         E       F
            +---------+---------+-------+---------+---------+-------
      Total |      28 |       0 |   0.0 |      22 |       0 |   0.0
            +---------+---------+-------+---------+---------+-------
        D:1 |      28 |       0 |   0.0 |      22 |       0 |   0.0
            +---------+---------+-------+---------+---------+-------
